 Dungeon Crawl Stone Soup version 0.26-a0-651-gb41185065b (webtiles) character file.

Game seed: 12901696463593446939

587 Mesmaeker13 the Caller (level 7, -3/36 HPs)
             Began as a Deep Elf Summoner on Oct 2, 2020.
             Was a Follower of Fedhas.
             Slain by an orc wizard
             ... wielding a +0 war axe
              (10 damage)
             ... on level 6 of the Dungeon.
             The game lasted 00:13:31 (8025 turns).

Mesmaeker13 the Caller (Deep Elf Summoner)          Turns: 8025, Time: 00:13:32

Health: -3/36      AC:  4    Str: -3 (5)  XL:     7   Next: 15%
Magic:  22/25      EV: 14    Int: 18 (22) God:    Fedhas [*.....]
Gold:   320        SH:  0    Dex: 15      Spells: 10/16 levels left

rFire    . . .     SeeInvis .   B - +2 spear (pain)
rCold    . . .     Faith    .   (no shield)
rNeg     . . .     Spirit   .   a - +0 robe
rPois    .         Reflect  .   (no helmet)
rElec    .         Harm     .   (no cloak)
rCorr    +         Rampage  .   s - +0 pair of gloves
MR       .....                  u - +0 pair of boots
Stlth    ++........             (no amulet)
HPRegen  0.03/turn              o - ring of magical power
MPRegen  0.19/turn              n - ring of resist corrosion

@: slowed, lost strength, very slow
A: no striking features
a: Renounce Religion


You were on level 6 of the Dungeon.
You worshipped Fedhas.
Fedhas was aware of your devotion.
You visited 2 branches of the dungeon, and saw 7 of its levels.

You collected 320 gold pieces.

Inventory:

Hand Weapons
 r - a +3 dagger
 y - a cursed -2 trident
 B - a +2 spear of pain (weapon)
Missiles
 g - 58 poisoned darts (quivered)
Armour
 a - a +0 robe (worn)
 l - a +0 buckler
 s - a +0 pair of gloves (worn)
 u - a +0 pair of boots (worn)
Jewellery
 f - an uncursed ring of fire
 n - a ring of resist corrosion (right hand)
 o - a ring of magical power (left hand)
Wands
 w - a wand of iceblast (9)
 x - a wand of random effects (14)
Scrolls
 d - 2 scrolls of fog
 e - 4 scrolls of remove curse
 h - 3 scrolls of teleportation
 i - 3 scrolls of immolation
 k - a scroll of blinking {unknown}
 m - a scroll of enchant armour {unknown}
 v - 3 scrolls of magic mapping
Potions
 b - 3 potions of curing
 c - a potion of stabbing
 q - a potion of haste
 t - a potion of heal wounds
 z - a potion of brilliance {unknown}
 A - a potion of magic {unknown}


   Skills:
 - Level 4.3 Dodging
 - Level 2.4 Stealth
 + Level 3.0 Shields
 - Level 5.0 Spellcasting
 + Level 7.0 Summonings


You had 10 spell levels left.
You knew the following spells:

 Your Spells              Type           Power        Failure   Level
a - Summon Small Mammal   Summ           ####         1%          1
b - Call Imp              Summ           ####....     1%          2
c - Call Canine Familiar  Summ           ####....     2%          3

Your spell library contained the following spells:

 Spells                   Type           Power        Failure   Level
 Summon Guardian Golem    Hex/Summ       ###.....     10%         3
 Summon Ice Beast         Ice/Summ       ###.....     30%         4
 Summon Lightning Spire   Summ/Air       ###.....     30%         4


Dungeon Overview and Level Annotations

Branches:
Dungeon (6/15)             Temple (1/1) D:5

Altars:
Ashenzari
Cheibriados
Dithmenos
Elyvilon
Fedhas
Gozag
Kikubaaqudgha
Makhleb
Nemelex Xobeh
Okawaru
Qazlal
Ru
Sif Muna
Trog
Uskayaw
Vehumet
Wu Jian
Xom
Zin

Annotations:
D:5 1 runed translucent door
D:6 3 exclusions, Maggie


Message History

The orc wizard gestures at you while chanting.
The magic dart hits you.
Your crimson imp completely misses the orc.
The orc completely misses your crimson imp.
Your quokka closely misses the orc wizard.
The orc hits your crimson imp with a +0 short sword.
Your hound bites the orc wizard.
You hit the orc wizard.
The orc wizard is heavily wounded.
Your hound closely misses the orc wizard.
The orc wizard gestures at you while chanting.
The magic dart hits you!
* * * LOW HITPOINT WARNING * * *
Your crimson imp hits the orc.
Your quokka bites the orc wizard.
Your crimson imp blinks!
The orc barely misses your crimson imp.
The orc closely misses your crimson imp.
The orc wizard hits you with a +0 war axe!
You die...
Fedhas appreciates your contribution to the ecosystem.

#.##.##.# #...# #.#.##..#.##
#.##.##.# #...#####.#.##.....[
#.##.##.######......[..).......##
#.................<.5..####..####
##..............§.........#..##..
#.....................##.#..##.#
#.#..#..#####........###.#..##.#
##.##.#..# #.ro###### #........
......#..# #[h@# #.#####.#
##.......# #.§.# #.#####.#
##.#..##.# #..5# #.......#
#........# #)oo########.#######
..##[##########.....)..##.......#
.....# ........>#####.########..
###### ###..###.# [. #... .... .#
#.# ##.### #


You could see an orc wizard, 2 orcs, a friendly hound (summoned), 2 friendly
crimson imps and a friendly quokka (summoned).

Vanquished Creatures
  A jelly (D:5)
  A hound zombie (D:6)
  An adder (D:5)
  An ufetubus (D:6)
  A worm (D:3)
  3 orcs
  2 hobgoblins
  A jackal (D:3)
  3 quokkas
  3 frilled lizards
  3 kobolds
  3 rats
23 creatures vanquished.

Vanquished Creatures (collateral kills)
  A black bear (D:6)
  3 ogres
  An ice beast (D:5)
  A bullfrog (D:3)
  3 orc priests
  2 hounds
  A bullfrog zombie (D:5)
  Natasha (thrice) (D:2)
  A worker ant (D:6)
  An orc wizard (D:5)
  6 adders
  An ooze (D:3)
  A worm (D:3)
  2 dart slugs (D:1)
  A leopard gecko (D:2)
  19 orcs
  A giant cockroach (D:4)
  7 goblins
  4 hobgoblins
  13 jackals
  A quokka (D:3)
  A ball python (D:2)
  2 bats (D:1)
  3 frilled lizards
  5 kobolds
  A quokka skeleton (D:4)
  5 rats
90 creatures vanquished.

Vanquished Creatures (others)
  A plant (D:1)
1 creature vanquished.

Grand Total: 114 creatures vanquished

Notes
Turn   | Place    | Note
-------+----------+-------------------------------------------
     0 | D:1      | Mesmaeker13 the Deep Elf Summoner began the quest for the
                  | Orb.
     0 | D:1      | Reached XP level 1. HP: 10/10 MP: 6/6
   635 | D:1      | Reached XP level 2. HP: 15/15 MP: 5/8
  1439 | D:2      | Found a sparkling altar of Nemelex Xobeh.
  1490 | D:2      | Learned a level 2 spell: Call Imp
  1709 | D:2      | Noticed Natasha
  1719 | D:2      | Noticed a crimson imp
  1724 | D:2      | Killed Natasha
  1724 | D:2      | Reached XP level 3. HP: 19/19 MP: 5/10
  1922 | D:2      | Noticed Natasha
  2015 | D:2      | Killed Natasha
  2015 | D:2      | Reached skill level 5 in Summonings
  2186 | D:2      | Noticed Natasha
  2194 | D:2      | Killed Natasha
  2194 | D:2      | Reached XP level 4. HP: 18/24 MP: 4/12
  3171 | D:3      | Noticed a bullfrog
  3198 | D:3      | Killed a bullfrog
  4362 | D:3      | Reached XP level 5. HP: 27/28 MP: 14/14
  5645 | D:4      | Found a stormy altar of Qazlal.
  5697 | D:4      | Reached skill level 5 in Spellcasting
  6013 | D:5      | Entered Level 5 of the Dungeon
  6018 | D:5      | Learned a level 3 spell: Call Canine Familiar
  6027 | D:5      | Found a staircase to the Ecumenical Temple.
  6052 | Temple   | Entered the Ecumenical Temple
  6133 | Temple   | Became a worshipper of Cheibriados the Contemplative
  6187 | Temple   | Fell from the grace of Cheibriados
  6187 | Temple   | Became a worshipper of Fedhas Madash
  6394 | D:5      | Found a glowing silver altar of Zin.
  6394 | D:5      | Found a runed translucent door.
  6394 | D:5      | Noticed an angel
  6409 | D:5      | Noticed an ice beast
  6440 | D:5      | Killed an ice beast
  6440 | D:5      | Reached skill level 1 in Shields
  6440 | D:5      | Reached skill level 6 in Summonings
  6440 | D:5      | Reached XP level 6. HP: 19/32 MP: 14/15
  7109 | D:5      | Found a shadowy altar of Dithmenos.
  7297 | D:6      | Noticed Maggie
  7546 | D:6      | Reached * piety under Fedhas
  7548 | D:6      | Reached XP level 7. HP: 36/36 MP: 16/16
  7830 | D:6      | Reached skill level 7 in Summonings
  7928 | D:6      | Lost strength.
  8025 | D:6      | Slain by an orc wizard

Illustrated notes

Levels and vault maps discovered:
D:1:      roderic_crop_circles_arrival_small, layout_rooms, serial_bayou_pond_d,
          hangedman_abyss_or_decor_lesser_grid, hex_tiny, serial_bayou_lagoon_b
D:2:      layout_basic, nemelex_xobeh_ov_fountains_minmay,
          minmay_misc_feat_enclosed, uniq_natasha
D:3:      minmay_inner_zag, layout_basic
D:4:      layout_loops_ring, grunt_qazlal_sundering
D:5:      layout_gridville, lemuel_crystal_altar, minmay_temple_entry_waves,
          serial_glass, glass_columns_b, glass_columns_b, lemuel_angel_altar
D:6:      layout_loops_cross, uniq_maggie
Temple:   regret_index_temple_mists

Skill      XL: |  1  2  3  4  5  6  7 |
---------------+----------------------+-----
Dodging        | 3 4 |  4.3
Spellcasting   | 4 5 |  5.0
Summonings     | 5 6 7 |  7.0
Shields        | 1 2 3 |  3.0
Stealth        | |  2.4

Action                   |  1- 3 |  4- 6 |  7- 9 || total
-------------------------+-------+-------+-------++-------
Melee: Unarmed           |    35 |    48 |       ||    83
       Dagger            |       |    17 |       ||    17
       Spear             |       |    56 |    16 ||    72
Throw: Dart              |       |     2 |     1 ||     3
 Cast: Summon Small Mamm |    37 |    16 |     1 ||    54
       Call Imp          |    16 |    79 |     3 ||    98
       Call Canine Famil |       |    15 |     4 ||    19
  Use: Scroll            |       |     7 |     5 ||    12
       Potion            |       |     1 |       ||     1
 Stab: Distracted        |     1 |     3 |       ||     4
       Sleeping          |       |     4 |     1 ||     5
Armor: Robe              |     6 |    12 |     3 ||    21
Dodge: Dodged            |    31 |   104 |     9 ||   144

Table legend: (Time is in decaauts)
 A = Elapsed time spent in this place.
 B = Non-inter-level travel time spent in this place.
 C = Inter-level travel time spent in this place.
 D = Time resting spent in this place.
 E = Time spent auto-exploring this place.
 F = Levels seen in this place.
 G = Mean time per level.
                   A        B        C        D        E       F      G
               +--------+--------+--------+--------+--------+-----+--------+
         Total |   8437 |   8148 |    289 |   2285 |   4444 |   7 | 1205.3 |
       Dungeon |   8231 |   8009 |    222 |   2285 |   4348 |   6 | 1371.8 |
        Temple |    206 |    140 |     66 |      0 |     96 |   1 |  206.0 |
               +--------+--------+--------+--------+--------+-----+--------+

Top non-repeatable levels by time:
     D:3: 2696 daAuts
     D:2: 1626 daAuts
     D:5: 1202 daAuts
     D:1: 1122 daAuts
     D:6: 980 daAuts
     D:4: 603 daAuts
  Temple: 206 daAuts
